 Dungeon Crawl Stone Soup version 0.29-a0-344-ge2f44be95a (webtiles) character file.

Game seed: 14492404886199883877

17 NinjaNoafa the Twirler (level 2, -1/23 HPs)
             Began as a Gnoll Wanderer on Apr 21, 2022.
             Succumbed to a gnoll's poison
             ... on level 2 of the Dungeon.
             The game lasted 00:01:09 (781 turns).

NinjaNoafa the Twirler (Gnoll Wanderer)              Turns: 781, Time: 00:01:10

Health: -1/23      AC:  3    Str:  8    XL:     2   Next: 62%
Magic:  2/2        EV: 11    Int: 11    God:
Gold:   71         SH:  0    Dex: 14    Spells: 2/2 levels left

rFire   . . .      SeeInvis .   a - +2 quarterstaff
rCold   . . .      Faith    .   (shield currently unavailable)
rNeg    . . .      Spirit   .   e - +0 robe
rPois   .          Reflect  .   c - +0 helmet
rElec   .          Harm     .   (no cloak)
rCorr   .          Rampage  .   (no gloves)
Will    .....                   (no boots)
Stlth   +++.......              (no amulet)
HPRegen 0.07/turn               (no ring)
MPRegen 0.08/turn               (no ring)

@: lethally poisoned (-1 -> -17), hasted, very quick
A: fangs 1, strong nose, distributed training
a: no special abilities


You were on level 2 of the Dungeon.
You visited 1 branch of the dungeon, and saw 2 of its levels.

You collected 71 gold pieces.

Inventory:

Hand Weapons
 a - a +2 quarterstaff (weapon)
Missiles
 i - 61 stones (quivered)
Armour
 c - a +0 helmet (worn)
 e - a +0 robe (worn)
Scrolls
 b - 2 scrolls of vulnerability
 f - 2 scrolls of identify {unknown}
 g - a scroll of noise {unknown}
 h - 2 scrolls of teleportation {unknown}
 l - a scroll of fog {unknown}
Potions
 j - a potion of might {unknown}
 k - a potion of flight {unknown}


   Skills:
 + Level 2.5 Fighting
 + Level 0.5 Short Blades
 + Level 0.5 Long Blades
 + Level 0.5 Axes
 + Level 0.5 Maces & Flails
 + Level 0.5 Polearms
 + Level 6.5 Staves
 + Level 0.5 Slings
 + Level 0.5 Bows
 + Level 0.5 Crossbows
 + Level 0.5 Throwing
 + Level 4.5 Armour
 + Level 0.5 Dodging
 + Level 5.9 Stealth
 + Level 0.5 Shields
 + Level 0.5 Unarmed Combat
 + Level 0.5 Spellcasting
 + Level 0.3 Conjurations
 + Level 0.3 Hexes
 + Level 0.3 Summonings
 + Level 0.3 Necromancy
 + Level 0.3 Translocations
 + Level 0.3 Transmutations
 + Level 0.3 Fire Magic
 + Level 0.3 Ice Magic
 + Level 0.3 Air Magic
 + Level 0.3 Earth Magic
 + Level 0.3 Poison Magic
 + Level 0.6 Invocations
 + Level 2.5 Evocations


You had 2 spell levels left.
You didn't know any spells.
Your spell library contained the following spells:

 Spells                   Type           Power      Damage    Failure   Level
 Sandblast                Erth           2%         2d4       30%         1
 Passwall                 Tmut/Erth      0%         N/A       41%         2
 Stone Arrow              Conj/Erth      2%         3d7       65%         3


Dungeon Overview and Level Annotations

Branches:
Dungeon (2/15)

Altars:

Shops:
D:1 (


Innate Abilities, Weirdness & Mutations

You have very sharp teeth.
Your uncanny sense of smell can sniff out nearby items.
Your experience applies equally to all skills.


Message History

There is an open door here.
Done exploring.
(D) Dungeon
Where to? (* - list waypoints, ? - help)
What level of the Dungeon? (default 1, ? - help)
There is an open door here.
There is a stone staircase leading down here.
You climb downwards.
Found 20 stones.
There is a stone staircase leading up here.
A kobold is nearby!
The helpless kobold fails to defend itself.
You sock the kobold!
You kill the kobold!
i - 41 stones (gained 3)
You see here a +0 dagger.
i - 61 stones (gained 20)
A bat comes into view.
Found a dagger.
A gnoll and a bat come into view.
The gnoll is wielding a +2 spear of venom.
Found a stone staircase leading down.
The bat barely misses you.
You barely miss the bat. The bat hits you but does no damage.
The bat misses you.
You hit the bat but do no damage. The bat hits you but does no damage.
The bat hits you but does no damage.
You hit the bat.
You kill the bat!
You see here a bat corpse.
The gnoll hits you with a +2 spear of venom!
You hit the gnoll.
The gnoll is heavily wounded.
The gnoll hits you with a +2 spear of venom.
Okay, then.
You feel yourself speed up.
The gnoll hits you with a +2 spear of venom!
* * * LOW HITPOINT WARNING * * *
You are lethally poisoned!
You die...

#########
##........
#.....##.# ###
#...).##.. ...
#..<..##.###.###
#.....##.#.....#
#.....##.#.>...#.
##......@.g.b....
#..#...†#.....#.
#.###.#.#.....#
#.# ##..###.###
## .... ...
.##.#. ###∆ ..
..#.. ## #.# .#
#.#


You could see a gnoll and a bat (asleep).

Vanquished Creatures
  2 bats
  2 endoplasms (D:1)
  A giant cockroach (D:1)
  A goblin (D:1)
  A hobgoblin (D:1)
  2 kobolds
  A quokka (D:1)
  2 ball pythons (D:1)
  2 frilled lizards (D:1)
  A rat (D:1)
15 creatures vanquished.

Notes
Turn   | Place    | Note
-------+----------+-------------------------------------------
     0 | D:1      | NinjaNoafa the Gnoll Wanderer began the quest for the Orb.
     0 | D:1      | NinjaNoafa set off with the following items: a +2
                  | quarterstaff, a scroll of vulnerability, a +0 helmet, a
                  | potion of haste, a +0 robe
     0 | D:1      | Reached XP level 1. HP: 17/17 MP: 1/1
   507 | D:1      | Reached XP level 2. HP: 23/23 MP: 2/2
   544 | D:1      | Found Fisel's Antique Weapon Shop.
   781 | D:2      | Succumbed to a gnoll's poison

Illustrated notes

Levels and vault maps discovered:
D:1:      lemuel_arrival_broad_hall, layout_basic, serial_shops, shop,
          minmay_misc_feat_tower
D:2:      layout_loops_cross, minmay_fountain_box, hangedman_feature_mirror,
          st_stairs_3

Action                   || total
-------------------------++-------
Melee: Quarterstaff      ||    28
       Bite              ||     1
  Use: Potion            ||     1
 Stab: Sleeping          ||     3
Armor: Robe              ||    14
Dodge: Dodged            ||    20

Table legend: (Time is in decaauts)
 A = Elapsed time spent in this place.
 B = Non-inter-level travel time spent in this place.
 C = Inter-level travel time spent in this place.
 D = Time resting spent in this place.
 E = Time spent auto-exploring this place.
 F = Levels seen in this place.
 G = Mean time per level.
                   A        B        C        D        E       F      G
               +--------+--------+--------+--------+--------+-----+--------+
         Total |    779 |    771 |      8 |      0 |    658 |   2 |  389.5 |
       Dungeon |    779 |    771 |      8 |      0 |    658 |   2 |  389.5 |
               +--------+--------+--------+--------+--------+-----+--------+

Top non-repeatable levels by time:
     D:1: 762 daAuts
     D:2: 17 daAuts
